 Dungeon Crawl Stone Soup version 0.31-a0-875-g02e7d12df6 (webtiles) character file.

Game seed: 13857650423041560435

46 ytrimaz the Insei (level 3, -2/23 HPs)
             Began as an Octopode Shapeshifter on Oct 12, 2023.
             Slain by Terence
             ... wielding a +0 short sword
              (7 damage)
             ... on level 3 of the Dungeon.
             The game lasted 00:01:33 (1726 turns).

ytrimaz the Insei (Octopode Shapeshifter)           Turns: 1726, Time: 00:01:33

Health: -2/23      AC:  1    Str: 13    XL:     3   Next: 66%
Magic:  3/3        EV: 13    Int: 12    God:
Gold:   74         SH:  0    Dex: 13    Spells: 2/2 levels left

rFire   . .          .
                       - Unarmed
rCold   . . .        (no shield)
rNeg    . . .        (helmet currently unavailable)
rPois   .            (no amulet)
rElec   .            (no ring)
rCorr   .            (no ring)
SInv    .            (no ring)
Will    .....        (no ring)
Stlth   +++          (no ring)
HPRegen 0.23/turn    (no ring)
MPRegen 0.08/turn    (no ring)
                     (no ring)

%: no passive effects
@: beast-form
A: beast (slay +1), almost no armour, amphibious, 8 rings, camouflage 1,
gelatinous body 1, (nimble swimmer 1), tentacles
a: Begin Untransformation


You were on level 3 of the Dungeon.
You were a hulking beast.
You visited 1 branch of the dungeon, and saw 3 of its levels.

You collected 74 gold pieces.


Innate Abilities, Weirdness & Mutations

You are a hulking beast.
Your limbs bulge with bestial killing power. (Slay +1)
You cannot wear most types of armour.
You are amphibious.
You can wear up to eight rings at the same time.
Your skin changes colour to match your surroundings (Stealth+).
Your rubbery body absorbs attacks. (AC +1, EV +1)
((You are camouflaged when in or above water. (Stealth+)))
You have tentacles for arms and can constrict up to eight enemies at once.


   Skills:
 - Level 1.0 Fighting
 - Level 2.0 Dodging
 * Level 3.5 Stealth
 + Level 3.5 Unarmed Combat
 - Level 3.1 Shapeshifting


You had 2 spell levels left.
You didn't know any spells.
Your spell library contained the following spells:

 Spells                   Type           Power      Damage    Failure   Level
 Foxfire                  Conj/Fire      0%         2x1d4     32%         1
 Plasma Beam              Fire/Air       0%         2x1d10    100%        6
 Starburst                Conj/Fire      0%         6d3       100%        6

Inventory:

Talismans
 b - a beast talisman (active)
 c - a flux talisman
Scrolls
 d - a scroll of amnesia
Potions
 a - 2 potions of lignification
 e - 2 potions of might
 f - 2 potions of attraction {unknown}
 g - 2 potions of degeneration {unknown}
 h - a potion of haste {unknown}
 i - a potion of mutation {unknown}
 j - 2 potions of berserk rage {unknown}
 k - a potion of brilliance {unknown}
 m - a potion of cancellation {unknown}

Dungeon Overview and Level Annotations

Branches:
Dungeon (3/15) Zot: 16278

Altars:

Shops:
D:2 :

Annotations:
D:3 Terence

#.# #........##..#######......
#.# #.........................
#.# #.........................
#.# #.........>.............##
##.#####........)..........###.#
#............................#.#
######........#########...♣P.#.#
#............#######~~~~P.#
#..........h.........~♣♣P.
♣♣♣.........@...... ...
~~P~~~~~~..........
≈≈≈~~P~~~~..........
≈≈≈≈~~PPPP~..........
≈≈≈≈P~P~~~...#.......
≈≈≈≈≈≈~P~~~..#....P.P
≈≈~P~....#...P.P~


You could see Terence.


Message History

A rat is nearby!
A rat is nearby!
A rat is nearby!
A rat is nearby!
A rat is nearby!
A rat is nearby!
A rat is nearby!
A rat is nearby!
Unknown command.
The helpless rat fails to defend itself.
You bludgeon the rat!
You kill the rat!
No target in view!
Unknown command.
No target in view!
There is a stone staircase leading down here.
Key pressed, stopping explore.
You see here a +0 sling.
There is an open door here.
Key pressed, stopping explore.
Done exploring.
Done exploring.
There is a stone staircase leading down here.
You climb downwards.
There is a stone staircase leading up here.
You open the door.
There is an open door here.
Key pressed, stopping explore.
Key pressed, stopping explore.
No target in view!
A rat comes into view.
A rat is nearby!
A rat is nearby!
A rat is nearby!
A rat is nearby!
Found a stone staircase leading down.
The helpless rat fails to defend itself.
You tentacle-slap the rat.
You kill the rat!
Unknown command.
No target in view!
You open the door.
A hobgoblin comes into view.
A hobgoblin is nearby!
A hobgoblin is nearby!
There is an open door here.
The helpless hobgoblin fails to defend itself.
You tentacle-slap the hobgoblin. You grab the hobgoblin.
You constrict the hobgoblin.
You kill the hobgoblin!
Unknown command.
No target in view!
j - 2 lumpy puce potions A quokka comes into view.
A quokka is nearby!
A quokka is nearby!
The helpless quokka fails to defend itself.
You tentacle-slap the quokka. You grab the quokka. You squeeze the quokka.
You kill the quokka!
No target in view!
Unknown command.
No target in view!
Terence the Incautious comes into view.
He is wielding a +0 short sword.
Terence shouts!
Terence misses you.
Unknown command.
You tentacle-slap Terence but do no damage.
Your grab misses Terence. You squeeze Terence. Terence misses you.
You barely miss Terence. You grab Terence. You tentacle-slap Terence.
You constrict Terence.
Terence hits you with a +0 short sword. 😕 HP[-5]
You take 5 damage, and now have 18/23 hp.
MASSIVE DAMAGE!! (PAUSE)
You tentacle-slap Terence but do no damage.
You tentacle-slap Terence. You squeeze Terence, but do no damage.
You constrict Terence, but do no damage.
Terence barely misses you.
You tentacle-slap Terence.
You constrict Terence, but do no damage.
Terence screams, "I'm going to kill you!"
Terence hits you with a +0 short sword. 😮 HP[-3]
You take 3 damage, and now have 15/23 hp.
You tentacle-slap Terence but do no damage.
You constrict Terence, but do no damage.
Terence hits you with a +0 short sword.
* * * LOW HITPOINT WARNING * * *
😨 HP[-6]
You take 6 damage, and now have 9/23 hp.
MASSIVE DAMAGE!! (PAUSE)
You barely miss Terence.
You constrict Terence, but do no damage.
Terence hits you with a +0 short sword.
* * * LOW HITPOINT WARNING * * *
😱 HP[-4]
You take 4 damage, and now have 5/23 hp.
You are too injured to fight recklessly!
You tentacle-slap Terence. You constrict Terence.
Terence hits you with a +0 short sword!
You die...

Skill      XL: |  1  2  3 |
---------------+----------+-----
Stealth        | 1 2 3 |  3.5
Fighting       | |  1.0
Dodging        | |  2.0
Unarmed Combat | |  3.5
Shapeshifting  | |  3.1

Action                     || total
---------------------------++-------
  Melee: Unarmed           ||    70
         Constrict         ||    15
         Tentacles         ||    14
         Punch             ||     3
    Use: Scroll            ||     4
   Stab: Sleeping          ||    11
 Armour: Skin              ||    33
  Dodge: Dodged            ||    30

Levels and vault maps discovered:
D:1:      dpeg_arrival_round_c, layout_basic
D:2:      layout_basic, serial_shops, shop
D:3:      minmay_bubble_buster, layout_basic,
          shapermc_ecumenical_altar_hornbeckon, serial_bayou,
          serial_bayou_pond_d, serial_bayou_shore_a, serial_bayou_pond_e,
          serial_bayou_lagoon_a, serial_shops, nicolae_shop_tiny_waterfront,
          minmay_bisected, uniq_terence

Notes
Turn   | Place    | Note
-------+----------+-------------------------------------------
     0 | D:1      | ytrimaz the Octopode Shapeshifter began the quest for the
                  | Orb.
     0 | D:1      | Reached XP level 1. HP: 13/13 MP: 1/1
     0 | D:1      | magus.rc [v1.9.6]
   129 | D:1      | Reached skill level 1 in Stealth
   248 | D:1      | Reached XP level 2. HP: 18/18 MP: 2/2
   410 | D:1      | Reached skill level 2 in Stealth
   623 | D:1      | Reached XP level 3. HP: 18/23 MP: 3/3
   705 | D:1      | You pick up a book of Fire and begin reading...
   705 | D:1      | You add the spells Foxfire, Plasma Beam and Starburst to
                  | your library.
  1104 | D:2      | Reached skill level 3 in Stealth
  1363 | D:2      | Found Ziuvaah's Book Shop.
  1715 | D:3      | Noticed Terence
  1725 | D:3      | HP: 5/23 [Terence/+0 short sword (4)]
  1726 | D:3      | Slain by Terence

Vanquished Creatures
  2 dart slugs (D:1)
  7 bats
  6 endoplasms
  2 giant cockroaches
  3 hobgoblins
  5 kobolds
  3 quokkas
  2 ball pythons
  A frilled lizard (D:1)
  7 rats
38 creatures vanquished.

Table legend:
 A = Non-vault XP
 B = Vault XP
 C = Vault XP percentage of total XP
 D = Non-vault monster count
 E = Vault monster count
 F = Vault count percentage of total count
                 A         B        C        D         E       F
            +---------+---------+-------+---------+---------+-------
      Total |      66 |       0 |   0.0 |      38 |       0 |   0.0
            +---------+---------+-------+---------+---------+-------
        D:1 |      43 |       0 |   0.0 |      23 |       0 |   0.0
        D:2 |      18 |       0 |   0.0 |      12 |       0 |   0.0
        D:3 |       5 |       0 |   0.0 |       3 |       0 |   0.0
            +---------+---------+-------+---------+---------+-------

Skill      XL: |  1  2  3 |
---------------+----------+-----
Stealth        | 1 2 3 |  3.5
Fighting       | |  1.0
Dodging        | |  2.0
Unarmed Combat | |  3.5
Shapeshifting  | |  3.1

Action                     || total
---------------------------++-------
  Melee: Unarmed           ||    70
         Constrict         ||    15
         Tentacles         ||    14
         Punch             ||     3
    Use: Scroll            ||     4
   Stab: Sleeping          ||    11
 Armour: Skin              ||    33
  Dodge: Dodged            ||    30

Illustrated notes

Table legend:
 A = Kills in this place as a percentage of kills in the entire game.
 B = Kills by you in this place as a percentage of kills by you in the entire game.
 C = Kills by friends in this place as a percentage of kills by friends in the entire game.
 D = Other kills in this place as a percentage of other kills in the entire game.
 E = Experience gained in this place as a percentage of experience gained in the entire game.
 F = Experience gained in this place divided by the number of levels of this place that you have seen.
                   A       B       C       D       E      F
               +-------+-------+-------+-------+-------+----------------------
         Total | 100.0 | 100.0 |   N/A |   N/A | 100.0 |  22.0
       Dungeon | 100.0 | 100.0 |   N/A |   N/A | 100.0 |  22.0
               +-------+-------+-------+-------+-------+----------------------

Table legend: (Time is in decaauts)
 A = Elapsed time spent in this place.
 B = Non-inter-level travel time spent in this place.
 C = Inter-level travel time spent in this place.
 D = Time resting spent in this place.
 E = Time spent auto-exploring this place.
 F = Levels seen in this place.
 G = Mean time per level.
                   A        B        C        D        E       F      G
               +--------+--------+--------+--------+--------+-----+--------+
         Total |   1721 |   1670 |     51 |      0 |   1355 |   3 |  573.7 |
       Dungeon |   1721 |   1670 |     51 |      0 |   1355 |   3 |  573.7 |
               +--------+--------+--------+--------+--------+-----+--------+

Top non-repeatable levels by time:
     D:1: 1074 daAuts
     D:2: 530 daAuts
     D:3: 116 daAuts
